AoeStats
← Dougladhnn

Arena

505345735Analyzed
4v4 RM · 25d ago on Sep 9, 2026· 62m 10s· 8 players
Game mode
Random Map
Map size
Large (8 player)
Population
200
Speed
Normal
Resources
Standard
Victory
Conquest
Starting age
Dark Age
Ending age
Imperial Age
RankedLock teamsTeams togetherTeam positionsShared explorationLock speedFull tech treeHidden civsTurbo modeCheats
Victory
Defeat
🇧🇷 Britons · Brazil
778
+15
🇵🇪 Lithuanians · Peru
750
+16
🇧🇷 Malians · Brazil
734
+17
🇨🇱 Teutons · Chile
696
+18
🇲🇽 Burgundians · Mexico
810
-19
🇲🇽 Franks · Mexico
757
-17
722
-15
🇺🇸 Japanese · United States
709
-15
TH*[KL]
0:47 Loom
14:04 Feudal Age
16:14 Wheelbarrow
17:43 Horse Collar
17:55 Double-Bit Axe
21:31 Stone Mining
22:09 Gold Mining
25:25 Castle Age
24:41 Fletching
26:33 Bodkin Arrow
26:56 Hand Cart
27:21 Heavy Plow
30:31 Imperial Age
31:40 Conscription
33:15 Padded Archer Armor
33:40 Bow Saw
34:32 Murder Holes
36:57 Yeomen
36:59 Fortified Wall
36:36 Elite Longbowman
38:52 Leather Archer Armor
42:02 Ring Archer Armor
43:27 Chemistry
42:33 Siege Engineers
43:33 Pikeman
44:44 Forging
44:34 Scale Mail Armor
45:25 Halberdier
45:53 Arson
46:09 Squires
49:02 Iron Casting
48:43 Chain Mail Armor
56:40 Caravan
56:21 Cavalier
58:01 Scale Barding Armor
Dougladhnn
13:04 Feudal Age
13:34 Horse Collar
13:42 Double-Bit Axe
17:34 Wheelbarrow
17:23 Gold Mining
20:00 Castle Age
18:35 Stone Mining
23:03 Bow Saw
22:58 Heavy Plow
26:19 Gold Shaft Mining
26:19 Stone Shaft Mining
26:06 Hand Cart
29:31 Squires
29:17 Arson
29:37 Scale Mail Armor
29:47 Forging
31:12 Caravan
33:48 Imperial Age
31:40 Pikeman
32:23 Husbandry
32:34 Bloodlines
33:00 Chain Mail Armor
33:35 Iron Casting
34:21 Scale Barding Armor
34:50 Conscription
33:53 Elite Gbeto
34:05 Elite Gbeto
36:39 Hoardings
36:08 Cavalier
37:50 Farimba
42:30 Chemistry
41:51 Ballistics
45:26 Plate Mail Armor
45:17 Chain Barding Armor
44:58 Padded Archer Armor
44:48 Fletching
53:44 Heavy Camel Rider
55:15 Plate Barding Armor
sebajr10
11:04 Feudal Age
12:21 Wheelbarrow
11:34 Double-Bit Axe
12:54 Horse Collar
19:21 Castle Age
17:48 Gold Mining
20:24 Bow Saw
20:46 Hand Cart
22:32 Heavy Plow
22:46 Forging
22:37 Scale Mail Armor
25:00 Bloodlines
25:25 Stone Mining
27:04 Chain Mail Armor
27:25 Iron Casting
28:12 Stone Shaft Mining
33:34 Imperial Age
31:57 Scale Barding Armor
33:36 Chain Barding Armor
33:39 Cavalier
35:45 Chemistry
35:05 Ballistics
34:52 Heavy Scorpion
35:49 Elite Teutonic Knight
37:45 Padded Archer Armor
37:36 Fletching
38:19 Plate Mail Armor
42:30 Two-Man Saw
42:34 Blast Furnace
42:11 Plate Barding Armor
43:49 Paladin
45:46 Bodkin Arrow
46:06 Leather Archer Armor
46:17 Caravan
47:52 Conscription
ander
13:01 Feudal Age
13:25 Horse Collar
17:49 Castle Age
16:50 Double-Bit Axe
19:14 Wheelbarrow
22:19 Bow Saw
22:12 Heavy Plow
22:41 Stone Mining
24:02 Forging
25:54 Hand Cart
25:33 Gold Mining
25:34 Pikeman
26:53 Iron Casting
27:56 Caravan
29:49 Scale Mail Armor
30:39 Stone Shaft Mining
31:03 Padded Archer Armor
34:06 Imperial Age
32:06 Chain Mail Armor
34:15 Loom
34:18 Town Watch
34:13 Elite Leitis
36:30 Crop Rotation
37:03 Two-Man Saw
36:21 Leather Archer Armor
35:37 Man-at-Arms
37:07 Fletching
37:10 Treadmill Crane
38:31 Chemistry
39:53 Ring Archer Armor
43:10 Scale Barding Armor
42:48 Halberdier
45:38 Conscription
45:21 Tower Shields
47:26 Chain Barding Armor
51:13 Plate Barding Armor
61:55 Bodkin Arrow
62:16 Masonry
61:57 Heated Shot
62:28 Ballistics
garciagtzcarlos
11:42 Feudal Age
13:26 Double-Bit Axe
19:26 Castle Age
18:00 Stone Mining
18:22 Gold Mining
20:21 Squires
20:59 Bow Saw
21:19 Loom
23:45 #83
31:00 Arson
30:41 Pikeman
34:30 Imperial Age
34:34 Husbandry
36:22 Conscription
36:03 Chivalry
37:40 Wheelbarrow
36:41 Elite Throwing Axeman
36:53 Cavalier
38:18 Paladin
45:01 Padded Archer Armor
45:06 Scale Barding Armor
45:02 Scale Mail Armor
45:12 Forging
44:53 Fletching
48:21 Halberdier
49:29 Chain Barding Armor
49:24 Chain Mail Armor
49:45 Iron Casting
49:05 Bodkin Arrow
49:26 Leather Archer Armor
52:12 Plate Barding Armor
55:35 Caravan
56:06 Coinage
58:00 Plate Mail Armor
alexgolan
0:55 Loom
15:25 Feudal Age
16:12 Horse Collar
16:23 Double-Bit Axe
16:31 Stone Mining
20:12 Wheelbarrow
26:35 Castle Age
24:52 Fletching
25:03 Scale Mail Armor
25:45 Forging
26:10 Gold Mining
27:48 Heavy Plow
28:03 Bow Saw
28:46 Squires
28:49 Pikeman
31:34 Bodkin Arrow
31:56 Chain Mail Armor
33:49 Fortified Wall
33:59 Ballistics
33:21 Treadmill Crane
33:31 Guard Tower
39:09 Imperial Age
38:57 Yasama
39:14 Elite Samurai
40:33 Hoardings
40:19 Conscription
41:12 Two-Man Saw
45:03 Plate Mail Armor
45:09 Iron Casting
46:15 Keep
47:33 Chemistry
46:14 Halberdier
46:59 Bracer
54:22 Blast Furnace
richi_maron_90
1:41 Wheelbarrow
11:16 Double-Bit Axe
14:38 Feudal Age
19:35 Castle Age
18:25 Bow Saw
19:51 Hand Cart
20:34 Pikeman
21:14 Squires
21:12 Arson
33:09 Imperial Age
30:39 Cavalier
31:20 Husbandry
30:42 Light Cavalry
30:46 Man-at-Arms
33:33 Halberdier
35:31 Two-Man Saw
34:34 Scale Mail Armor
34:45 Horse Collar
34:29 Long Swordsman
36:33 Chain Mail Armor
36:23 Scale Barding Armor
36:30 Forging
40:29 Chemistry
39:50 Ballistics
44:09 Treadmill Crane
44:53 Chain Barding Armor
45:04 Plate Mail Armor
45:09 Iron Casting
44:25 Fletching
44:35 Padded Archer Armor
[MIAAU] Gatúbelo Palestinian
10:23 Loom
13:00 Feudal Age
15:58 Wheelbarrow
18:47 Castle Age
16:35 Double-Bit Axe
16:32 Horse Collar
19:44 Bow Saw
19:36 Heavy Plow
21:39 Fervor
23:23 Sanctity
29:18 Chemistry
30:58 Imperial Age
30:03 Caravan
30:22 Treadmill Crane
30:53 Fortified Wall
31:04 Ballistics
30:31 Town Watch
31:53 Hand Cart
34:26 Padded Archer Armor
35:11 Scale Barding Armor
35:49 Conscription
36:39 Town Patrol
38:33 Murder Holes
39:01 Wagenburg Tactics
39:02 Hussite Reforms
39:21 Pikeman
40:04 Squires
40:28 Elite Hussite Wagon
41:13 Houfnice
42:02 Siege Engineers
42:39 Block Printing
43:01 Theocracy
42:53 Illumination
42:43 Redemption
43:20 Masonry
44:46 Onager
49:08 Heavy Scorpion
52:33 Architecture
55:48 Bombard Tower
55:49 Fletching
56:15 Leather Archer Armor
58:21 Bodkin Arrow
58:58 Ring Archer Armor
58:29 Scale Mail Armor
60:00 Halberdier
60:59 Bracer
61:15 Chain Mail Armor
61:31 Guilds
Connection lost

Rejoining the realm…

Still unreachable

The connection could not be restored.

Session expired

The server has moved on; the page needs a fresh start.